 Dungeon Crawl Stone Soup version 0.32-a0-422-g28b100f618 (webtiles) character file.

Game seed: 7244432729460951392

60 zenocrate the Sneak (level 3, -1/29 HPs)
             Began as a Demonspawn Delver on Feb 21, 2024.
             Slain by a ribbon worm (7 damage)
             ... on level 1 of the Dungeon.
             The game lasted 00:02:00 (1122 turns).

zenocrate the Sneak (Demonspawn Delver)             Turns: 1122, Time: 00:02:01

Health: -1/29      AC:  7    Str: 14    XL:     3   Next: 80%
Magic:  3/3        EV: 11    Int: 10    God:
Gold:   45         SH:  5    Dex: 14    Spells: 2/2 levels left

rFire   . .          .
                       - Unarmed
rCold   . . .        m - +1 buckler {rPois}
rNeg    . . .        a - +0 leather armour
rPois   +            (no helmet)
rElec   .            g - +0 cloak
rCorr   .            n - +0 pair of gloves
SInv    .            (no boots)
Will    +....        (no amulet)
Stlth   ++           k - ring of willpower
HPRegen 0.24/turn    (no ring)
MPRegen 0.08/turn

%: no passive effects
@: no status effects
A: molten scales 1
a: no special abilities


You were on level 1 of the Dungeon.
You visited 1 branch of the dungeon, and saw 5 of its levels.

You collected 45 gold pieces.

Inventory:

Missiles
 j - 6 javelins (quivered)
 s - 2 curare-tipped darts
Armour
 a - a +0 leather armour (worn)
 g - a +0 cloak (worn)
 m - a +1 buckler of poison resistance (worn)
 n - a +0 pair of gloves (worn)
Jewellery
 k - a ring of willpower (left hand)
Wands
 f - a wand of digging (3)
 h - a wand of polymorph (10)
Scrolls
 b - 2 scrolls of fog
 c - 2 scrolls of revelation
 d - 2 scrolls of fear
 i - a scroll of immolation {unknown}
 l - a scroll of enchant armour {unknown}
 p - a scroll of identify {unknown}
 r - a scroll of noise {unknown}
Potions
 e - a potion of haste
 o - a potion of magic {unknown}
 q - a potion of ambrosia {unknown}


   Skills:
 + Level 3.2 Fighting
 - Level 1.7 Dodging
 - Level 4.5 Stealth
 + Level 0.7 Shields
 + Level 3.4 Unarmed Combat


You had 2 spell levels left.
You didn't know any spells.
Your spell library contained the following spells:

 Spells                   Type           Power      Damage    Failure   Level
 Dazzling Flash           Conj/Hex       0%         N/A       89%         3
 Mephitic Cloud           Conj/Alch/Air  0%         N/A       89%         3
 Curse of Agony           Necr           0%         N/A       100%        5
 Silence                  Hex/Air        0%         N/A       100%        5


Dungeon Overview and Level Annotations

Branches:
Dungeon (5/15)
 Temple: D:4-7

Altars:
Wu Jian


Innate Abilities, Weirdness & Mutations

You are partially covered in molten scales. (AC +2)


Message History

The ribbon worm is almost dead.
The ribbon worm expels a string of sticky webbing.
The stream of webbing hits you but does no damage.
You are caught in a web!
You are caught in a web!
The web tears apart.
The ribbon worm expels a string of sticky webbing.
The stream of webbing hits you but does no damage.
You are caught in a web!
The ribbon worm barely misses you.
You struggle to detach yourself from the web.
The ribbon worm bites you. The ribbon worm barely misses you.
You are caught in a web!
The web tears apart.
The ribbon worm bites you. The ribbon worm closely misses you.
You hit the ribbon worm.
The ribbon worm is severely wounded.
The ribbon worm bites you.
Unknown command.
You hit the ribbon worm.
You kill the ribbon worm!
The ribbon worm expels a string of sticky webbing.
The stream of webbing hits you but does no damage.
You are caught in a web!
Unknown command.
The web tears apart.
The ribbon worm completely misses you.
You hit the ribbon worm.
The ribbon worm is lightly wounded.
The ribbon worm bites you.
* * * LOW HITPOINT WARNING * * *
Unknown command.
You hit the ribbon worm but do no damage.
The ribbon worm is lightly wounded.
You hit the ribbon worm but do no damage.
The ribbon worm is lightly wounded.
The ribbon worm expels a string of sticky webbing.
The stream of webbing hits you but does no damage.
You are caught in a web!
Unknown command.
The web tears apart.
The ribbon worm bites you!
You die...

##....######........###.#....#
#>..).#####.......#.....##.#)#
.####................#####.#.####
## #######....÷..#.## #.......
##......#.# #..##.#. ##...>##.#
##.#.### ##.#.##.# ###.##.#.
#.†w##.# ##...###.#
##.@##.####....# ###
#..#..........#
#..#.###.#....##### #..#.#
#.####...... #....# #.# ####..#
#...## #.# ###...# #...# #.#
#...>.# #...# #.# #.#...# #...#
#.####.###.#


You could see a ribbon worm (catching breath).

Vanquished Creatures
  An adder (D:4)
  A ribbon worm (D:1)
  2 endoplasms
  2 goblins (D:1)
  3 hobgoblins (D:1)
  2 quokkas (D:2)
  A ball python (D:1)
  3 bats (D:1)
  4 frilled lizards
  6 kobolds
  4 rats (D:1)
29 creatures vanquished.

Notes
Turn   | Place    | Note
-------+----------+-------------------------------------------
     0 | D:5      | zenocrate the Demonspawn Delver began the quest for the
                  | Orb.
     0 | D:5      | Reached XP level 1. HP: 18/18 MP: 1/1
    58 | D:4      | Gained mutation: You are partially covered in molten
                  | scales. (AC +2) [demonic ancestry]
    58 | D:4      | Reached XP level 2. HP: 18/24 MP: 2/2
   225 | D:1      | Found a faded altar of an unknown god.
   304 | D:1      | Reached XP level 3. HP: 27/29 MP: 3/3
   966 | D:2      | Found an ornate altar of the Wu Jian Council.
  1122 | D:1      | Slain by a ribbon worm

Illustrated notes

Levels and vault maps discovered:
D:1:      elethiomel_arrival_infinity_welcomes_careful_drivers,
          layout_loops_ring, ebering_ecumenical_altar_webs
D:2:      layout_rooms, basic_altar
D:3:      layout_loops_ring, marbit_many_paths, gup_sewer_entry_glass
D:4:      layout_loops_ring, mainiacjoe_overflow_alcove_1
D:5:      layout_rooms, mainiacjoe_overflow_catwalk,
          minmay_temple_entry_poolview, uniq_menkaure

Skill      XL: |  1  2 |
---------------+-------+-----
Unarmed Combat | 2 3 |  3.4
Fighting       | |  3.2
Dodging        | |  1.7
Stealth        | |  4.5
Shields        | |  0.7

Action                     || total
---------------------------++-------
  Melee: Unarmed           ||   114
         Punch             ||     1
   Stab: Sleeping          ||     6
         Distracted        ||     1
 Armour: Leather armour    ||    53
  Dodge: Dodged            ||    59
  Block: Buckler           ||    19

Table legend: (Time is in decaauts)
 A = Elapsed time spent in this place.
 B = Non-inter-level travel time spent in this place.
 C = Inter-level travel time spent in this place.
 D = Time resting spent in this place.
 E = Time spent auto-exploring this place.
 F = Levels seen in this place.
 G = Mean time per level.
                   A        B        C        D        E       F      G
               +--------+--------+--------+--------+--------+-----+--------+
         Total |   1118 |   1090 |     28 |      0 |    701 |   5 |  223.6 |
       Dungeon |   1118 |   1090 |     28 |      0 |    701 |   5 |  223.6 |
               +--------+--------+--------+--------+--------+-----+--------+

Top non-repeatable levels by time:
     D:1: 816 daAuts
     D:2: 194 daAuts
     D:4: 65 daAuts
     D:3: 40 daAuts
     D:5: 2 daAuts
